PIO (24 & UNDER)
SASKATOON SMOKIN' GUNS @ EAU CLAIRE ESQUIRES
06/03/2030
 
TOP OF THE 1ST
Saskatoon Smokin' Guns batting - Pitching for Eau Claire Esquires : RHP Ángel Gil
Pitching: RHP Ángel Gil
Batting: RHB Luis Suárez 0-0: Called Strike
0-1: Ball
1-1: Foul Ball, location: 2F
1-2: Strikes out swinging
Batting: RHB Mike Ratzlaff 0-0: Ball
1-0: SINGLE (Groundball, 34D)
Batting: RHB Juan Alvarado 0-0: Swinging Strike
0-1: Ball
1-1: Foul Ball, location: 2F
1-2: Strikes out swinging
Batting: RHB Lyle Johnston 0-0: Called Strike
0-1: Fielders Choice at 2nd, 6-4 (Groundball, 6)
Top of the 1st over - 0 runs, 1 hit, 0 errors, 1 left on base; Saskatoon 0 - Eau Claire 0
BOTTOM OF THE 1ST
Eau Claire Esquires batting - Pitching for Saskatoon Smokin' Guns : RHP John Gill
Pitching: RHP John Gill
Batting: LHB Matt Taylor 0-0: Ball
1-0: Foul Ball, location: 2F
1-1: Swinging Strike
1-2: Strikes out swinging
Batting: RHB Kyle McIntyre 0-0: Called Strike
0-1: Foul Ball, location: 2F
0-2: Strikes out swinging
Batting: LHB Will Rhodes 0-0: Foul Ball, location: 2F
0-1: Ball
1-1: Ball
2-1: SINGLE (Line Drive, 4D)
Batting: LHB Steve Arnold 0-0: Foul Ball, location: 2F
0-1: Swinging Strike
0-2: Ball
1-2: Strikes out swinging
Bottom of the 1st over - 0 runs, 1 hit, 0 errors, 1 left on base; Saskatoon 0 - Eau Claire 0
TOP OF THE 2ND
Saskatoon Smokin' Guns batting - Pitching for Eau Claire Esquires : RHP Ángel Gil
Batting: RHB Juan Cardenas 0-0: Foul Ball, location: 2F
0-1: Foul Ball, location: 2F
0-2: Ball
1-2: Foul Ball, location: 2F
1-2: Strikes out swinging
Batting: RHB Roberto García 0-0: Called Strike
0-1: Called Strike
0-2: Strikes out swinging
Batting: LHB Jim Hall 0-0: Ball
1-0: SINGLE (Groundball, 34D)
Batting: RHB Joe Wiggs 0-0: Reached on error, E5 (Groundball, 56)
Jim Hall to second
Batting: RHB Sebastiăo Batissela 0-0: Ground out 1-3 (Groundball, 15)
Top of the 2nd over - 0 runs, 1 hit, 1 error, 2 left on base; Saskatoon 0 - Eau Claire 0
BOTTOM OF THE 2ND
Eau Claire Esquires batting - Pitching for Saskatoon Smokin' Guns : RHP John Gill
Batting: LHB Caleb Ruíz 0-0: Ball
1-0: Foul Ball, location: 2F
1-1: Ball
2-1: Swinging Strike
2-2: SOLO HOME RUN (Flyball, 89XD), Distance : 379 ft
Batting: LHB Johnny Foley 0-0: Called Strike
0-1: Called Strike
0-2: Foul Ball, location: 2F
0-2: Strikes out swinging
Batting: RHB Tom McBride 0-0: Ground out 6-3 (Groundball, 6)
Batting: RHB Shawn López 0-0: Fly out, F9 (Flyball, 9S)
Bottom of the 2nd over - 1 run, 1 hit, 0 errors, 0 left on base; Saskatoon 0 - Eau Claire 1
TOP OF THE 3RD
Saskatoon Smokin' Guns batting - Pitching for Eau Claire Esquires : RHP Ángel Gil
Batting: RHB Luis Suárez 0-0: Called Strike
0-1: Ball
1-1: Ball
2-1: Called Strike
2-2: Ground out 4-3 (Groundball, 4S)
Batting: RHB Mike Ratzlaff 0-0: Called Strike
0-1: Ball
1-1: Fly out, F8 (Flyball, 8RD)
Batting: RHB Juan Alvarado 0-0: Called Strike
0-1: Foul Ball, location: 2F
0-2: Ball
1-2: Ball
2-2: Ball
3-2: Foul Ball, location: 2F
3-2: Strikes out swinging
Top of the 3rd over - 0 runs, 0 hits, 0 errors, 0 left on base; Saskatoon 0 - Eau Claire 1
BOTTOM OF THE 3RD
Eau Claire Esquires batting - Pitching for Saskatoon Smokin' Guns : RHP John Gill
Batting: RHB Tomás Rivera 0-0: Called Strike
0-1: Ball
1-1: Ball
2-1: Called Strike
2-2: Strikes out swinging
Batting: LHB Matt Taylor 0-0: Ball
1-0: Ball
2-0: Ball
3-0: Called Strike
3-1: Ground out 4-3 (Groundball, 34D)
Batting: RHB Kyle McIntyre 0-0: Ball
1-0: SINGLE (Line Drive, 7LM)
Batting: LHB Will Rhodes 0-0: Ball
1-0: Ball
2-0: Fielders Choice at 2nd, 5-4 (Groundball, 5)
Bottom of the 3rd over - 0 runs, 1 hit, 0 errors, 1 left on base; Saskatoon 0 - Eau Claire 1
TOP OF THE 4TH
Saskatoon Smokin' Guns batting - Pitching for Eau Claire Esquires : RHP Ángel Gil
Batting: RHB Lyle Johnston 0-0: Ball
1-0: Foul Ball, location: 2F
1-1: Ball
2-1: Foul Ball, location: 2F
2-2: Fly out, F9 (Line Drive, 9D)
Batting: RHB Juan Cardenas 0-0: Called Strike
0-1: Ground out 6-3 (Groundball, 6)
Batting: RHB Roberto García 0-0: Swinging Strike
0-1: Swinging Strike
0-2: Ground out 1-3 (Groundball, 13)
Top of the 4th over - 0 runs, 0 hits, 0 errors, 0 left on base; Saskatoon 0 - Eau Claire 1
BOTTOM OF THE 4TH
Eau Claire Esquires batting - Pitching for Saskatoon Smokin' Guns : RHP John Gill
Batting: LHB Steve Arnold 0-0: Ball
1-0: Called Strike
1-1: Called Strike
1-2: Foul Ball, location: 2F
1-2: Foul Ball, location: 2F
1-2: Foul Ball, location: 2F
1-2: Foul Ball, location: 2F
1-2: SINGLE (Line Drive, 78S)
Batting: LHB Caleb Ruíz 0-0: Called Strike
0-1: Ball
1-1: Ball
2-1: Ball
3-1: Base on Balls
Steve Arnold to second
Batting: LHB Johnny Foley 0-0: Called Strike
0-1: Ball
1-1: Grounds into double play, 6-4-3 (Groundball, 6)
Steve Arnold to third
Batting: RHB Tom McBride 0-0: Fly out, F7 (Flyball, 7)
Bottom of the 4th over - 0 runs, 1 hit, 0 errors, 1 left on base; Saskatoon 0 - Eau Claire 1
TOP OF THE 5TH
Saskatoon Smokin' Guns batting - Pitching for Eau Claire Esquires : RHP Ángel Gil
Batting: LHB Jim Hall 0-0: Called Strike
0-1: Foul Ball, location: 2F
0-2: Strikes out swinging
Batting: RHB Joe Wiggs 0-0: Ball
1-0: Called Strike
1-1: Called Strike
1-2: SINGLE (Line Drive, 89M)
Batting: RHB Sebastiăo Batissela 0-0: DOUBLE (Line Drive, 7LS)
Joe Wiggs to third
Batting: RHB Luis Suárez 0-0: Called Strike
0-1: Foul Ball, location: 2F
0-2: Foul Ball, location: 2F
0-2: Foul Ball, location: 2F
0-2: Strikes out looking
Batting: RHB Mike Ratzlaff 0-0: Called Strike
0-1: SINGLE (Line Drive, 9S)
Joe Wiggs scores
Sebastiăo Batissela to third
Runner from 3rd tries for Home, SAFE, no throw
Batting: RHB Juan Alvarado 0-0: Called Strike
0-1: Called Strike
0-2: Strikes out swinging
Top of the 5th over - 2 runs, 3 hits, 0 errors, 1 left on base; Saskatoon 2 - Eau Claire 1
BOTTOM OF THE 5TH
Eau Claire Esquires batting - Pitching for Saskatoon Smokin' Guns : RHP John Gill
Batting: RHB Shawn López 0-0: Ball
1-0: Ball
2-0: Ball
3-0: Base on Balls
Batting: RHB Tomás Rivera 0-0: Ball
1-0: Grounds into double play, 6-4-3 (Groundball, 6)
Batting: LHB Matt Taylor 0-0: Ball
1-0: Ground out 4-3 (Groundball, 4)
Bottom of the 5th over - 0 runs, 0 hits, 0 errors, 0 left on base; Saskatoon 2 - Eau Claire 1
TOP OF THE 6TH
Saskatoon Smokin' Guns batting - Pitching for Eau Claire Esquires : RHP Ángel Gil
Batting: RHB Lyle Johnston 0-0: Ball
1-0: Called Strike
1-1: Ground out 1-3 (Groundball, 13)
Batting: RHB Juan Cardenas 0-0: Ground out 5-3 (Groundball, 56)
Batting: RHB Roberto García 0-0: Called Strike
0-1: Foul Ball, location: 2F
0-2: Ground out 6-3 (Groundball, 6MS)
Top of the 6th over - 0 runs, 0 hits, 0 errors, 0 left on base; Saskatoon 2 - Eau Claire 1
BOTTOM OF THE 6TH
Eau Claire Esquires batting - Pitching for Saskatoon Smokin' Guns : RHP John Gill
Batting: RHB Kyle McIntyre 0-0: SINGLE (Groundball, 5D)
Batting: LHB Will Rhodes 0-0: Swinging Strike
0-1: Ball
1-1: Ball
2-1: Called Strike
2-2: Ground out 5-3 (Groundball, 5S)
Kyle McIntyre to second
Batting: LHB Steve Arnold 0-0: Ball
1-0: Foul Ball, location: 2F
1-1: SINGLE (Groundball, 34D)
Kyle McIntyre to third
Batting: LHB Caleb Ruíz 0-0: Called Strike
0-1: Ball
1-1: Called Strike
1-2: Hit by Pitch
Steve Arnold to second
Batting: LHB Johnny Foley 0-0: Swinging Strike
0-1: Ball
1-1: Called Strike
1-2: SINGLE (Groundball, 34S) (infield hit)
Kyle McIntyre scores
Steve Arnold to third
Caleb Ruíz to second
Batting: RHB Tom McBride 0-0: Ball
1-0: Ball
2-0: Grounds into double play, 5-4-3 (Groundball, 56)
Bottom of the 6th over - 1 run, 3 hits, 0 errors, 2 left on base; Saskatoon 2 - Eau Claire 2
TOP OF THE 7TH
Saskatoon Smokin' Guns batting - Pitching for Eau Claire Esquires : RHP Ángel Gil
Batting: LHB Jim Hall 0-0: Called Strike
0-1: Called Strike
0-2: SINGLE (Flyball, 9LS)
Batting: RHB Joe Wiggs 0-0: Sac Bunt - play at first, batter OUT! 1-4
Jim Hall to second
Pinch Hitting: LHB Ben Donaldson 0-0: Intentional Walk
Pinch Hitting: LHB Rubén Salazar 0-0: Ball
1-0: Foul Ball, location: 2F
1-1: Ball
2-1: Foul Ball, location: 2F
2-2: Fly out, F4 (Popup, 4)
Batting: RHB Mike Ratzlaff 0-0: Ball
1-0: Called Strike
1-1: Ball
2-1: Foul Ball, location: 2F
2-2: Strikes out swinging
Top of the 7th over - 0 runs, 1 hit, 0 errors, 2 left on base; Saskatoon 2 - Eau Claire 2
BOTTOM OF THE 7TH
Eau Claire Esquires batting - Pitching for Saskatoon Smokin' Guns : RHP John Gill
Now at 3B: Mathew Olson
Now in LF: Rubén Salazar
Batting: RHB Shawn López 0-0: Swinging Strike
0-1: Foul Ball, location: 2F
0-2: Strikes out swinging
Batting: RHB Tomás Rivera 0-0: Called Strike
0-1: Foul Ball, location: 2F
0-2: Ball
1-2: Ground out 5-3 (Groundball, 5)
Batting: LHB Matt Taylor 0-0: Ball
1-0: SINGLE (Line Drive, 4MD)
Pinch Hitting: RHB Cipriano Salas 0-0: Called Strike
0-1: Ball
1-1: Foul Ball, location: 2F
1-2: Fly out, F5 (Flyball, 5D)
Bottom of the 7th over - 0 runs, 1 hit, 0 errors, 1 left on base; Saskatoon 2 - Eau Claire 2
TOP OF THE 8TH
Saskatoon Smokin' Guns batting - Pitching for Eau Claire Esquires : RHP Ángel Gil
Now at SS: Cipriano Salas
Batting: RHB Juan Alvarado 0-0: Called Strike
0-1: Foul Ball, location: 2F
0-2: Ball
1-2: Strikes out swinging
Batting: RHB Lyle Johnston 0-0: Swinging Strike
0-1: Foul Ball, location: 2F
0-2: Ball
1-2: Ball
2-2: Ground out 4-3 (Groundball, 34)
Batting: RHB Juan Cardenas 0-0: Ball
1-0: Ground out 4-3 (Groundball, 4M)
Top of the 8th over - 0 runs, 0 hits, 0 errors, 0 left on base; Saskatoon 2 - Eau Claire 2
BOTTOM OF THE 8TH
Eau Claire Esquires batting - Pitching for Saskatoon Smokin' Guns : RHP John Gill
Pitching: RHP Ismael Ramírez
Batting: LHB Will Rhodes 0-0: Called Strike
0-1: Ball
1-1: Foul Ball, location: 2F
1-2: Ball
2-2: Ground out 4-3 (Groundball, 4)
Batting: LHB Steve Arnold 0-0: Ball
1-0: Swinging Strike
1-1: SINGLE (Flyball, 8RS)
Pinch Runner at 1st Glen French:
Batting: LHB Caleb Ruíz 0-0: Ball
1-0: Ball
2-0: Ball
3-0: Base on Balls
Glen French to second
Batting: LHB Johnny Foley 0-0: Called Strike
0-1: Ball
1-1: Ball
2-1: Foul Ball, location: 2F
2-2: Ball
3-2: Base on Balls
Glen French to third
Caleb Ruíz to second
Batting: RHB Tom McBride 0-0: Ball
1-0: Fly out, F7 (Flyball, 78M)
Runner from 3rd tags up, SCORES, no throw
Batting: RHB Shawn López 0-0: Foul Ball, location: 2F
0-1: Called Strike
0-2: Foul Ball, location: 2F
0-2: Ball
1-2: Foul Ball, location: 2F
1-2: Ground out 5-3 (Groundball, 2L)
Bottom of the 8th over - 1 run, 1 hit, 0 errors, 2 left on base; Saskatoon 2 - Eau Claire 3
TOP OF THE 9TH
Saskatoon Smokin' Guns batting - Pitching for Eau Claire Esquires : RHP Ángel Gil
Pitching: RHP Tim Horton
Now at 3B: Silas Small
Pinch Hitting: RHB António Martínez 0-0: Called Strike
0-1: Foul Ball, location: 2F
0-2: Strikes out looking
Batting: LHB Jim Hall 0-0: Called Strike
0-1: Ground out U3 (Groundball, 3)
Batting: RHB Joe Wiggs 0-0: Ball
1-0: Called Strike
1-1: Swinging Strike
1-2: Ball
2-2: Foul Ball, location: 2F
2-2: Ball
3-2: Strikes out swinging
Top of the 9th over - 0 runs, 0 hits, 0 errors, 0 left on base; Saskatoon 2 - Eau Claire 3
Saturday, April 7th, 2018 - OOTP Baseball 18.8 Build 76